 Dungeon Crawl Stone Soup version 0.31-a0-844-gdc52ec4e09 (webtiles) character file.

Game seed: 13048105275076749662

286 Gargoyl the Chopper (level 6, 0/38 HPs)
             Began as a Gargoyle Berserker on Sept 30, 2023.
             Was a Believer of Trog.
             Slain by a gnoll
             ... wielding a +0 spear
              (2 damage)
             ... on level 4 of the Dungeon.
             The game lasted 00:03:20 (2325 turns).

Gargoyl the Chopper (Gargoyle Berserker)            Turns: 2325, Time: 00:03:21

Health: 0/38       AC: 11    Str: 21    XL:     6   Next: 30%
Magic:  6/6        EV: 16    Int:  7    God:    Trog [**....]
Gold:   243        SH:  0    Dex:  9    Spells: 5/5 levels left

rFire   . . .        i - +0 short sword (venom)
rCold   . . .        (no shield)
rNeg    + . .        o - +0 ring mail
rPois   ∞            (no helmet)
rElec   +            c - +0 cloak
rCorr   .            (no gloves)
SInv    .            (no boots)
Will    .....        (no amulet)
Stlth   +            e - ring of flight
HPRegen 0.26/turn    f - +5 ring of evasion
MPRegen 0.10/turn

%: no passive effects
@: on berserk cooldown, flying, slowed, very slow
A: sickness immunity, AC +4, negative energy resistance 1, electricity
resistance, torment resistance 1, petrification resistance, clumsy 1
a: Renounce Religion, Berserk, Trog's Hand


You were on level 4 of the Dungeon.
You worshipped Trog.
Trog was pleased with you.
You visited 1 branch of the dungeon, and saw 4 of its levels.
You also visited: Sewer.

You collected 243 gold pieces.

Inventory:

Hand Weapons
 a - a +0 hand axe
 i - a +0 short sword of venom (weapon)
Missiles
 d - 16 poisoned darts (quivered)
 j - a throwing net
Armour
 c - a +0 cloak (worn)
 o - a +0 ring mail (worn)
Jewellery
 e - a ring of flight (left hand)
 f - a +5 ring of evasion (right hand)
 m - a ring of resist corrosion
Wands
 h - a wand of flame (14)
Scrolls
 b - a scroll of amnesia {unknown}
 g - a scroll of identify
 k - a scroll of enchant weapon {unknown}
Potions
 l - a potion of berserk rage


   Skills:
 + Level 4.2 Fighting
 + Level 1.6 Short Blades
 + Level 4.3 Axes
 + Level 0.1 Throwing
 + Level 2.5 Armour
 + Level 2.9 Dodging
 + Level 1.2 Stealth


You had 5 spell levels left.
You didn't know any spells.
Your spell library was empty.

Dungeon Overview and Level Annotations

Branches:
Dungeon (4/15)              Sewer (visited)
 Temple: D:4-7

Altars:


Innate Abilities, Weirdness & Mutations

You are immune to sickness and miasma.
Your stone body is resilient. (AC +4)
You are immune to poison.
You resist negative energy. (rN+)
You are resistant to electric shocks. (rElec)
You are resistant to unholy torment.
You are immune to petrification.
You are clumsy. (Dex -2)


Message History

The gnoll hits you with a +0 spear. The gnoll hits you but does no damage.
Unknown command.
You hit the gnoll.
The gnoll is poisoned.
The gnoll is moderately wounded.
The gnoll hits you with a +0 spear. The gnoll closely misses you.
The gnoll hits you from afar with a +0 spear.
* * * LOW HITPOINT WARNING * * *
The gnoll barely misses you.
Unknown command.
You hit the gnoll but do no damage.
The gnoll looks as sick as possible!
The gnoll is moderately wounded.
You feel the effects of Trog's Hand fading.
The gnoll barely misses you. The gnoll hits you with a +0 spear.
* * * LOW HITPOINT WARNING * * *
You hit the gnoll but do no damage.
The gnoll looks as sick as possible!
The gnoll is severely wounded.
The gnoll closely misses you.
The gnoll hits you from afar with a +0 spear.
* * * LOW HITPOINT WARNING * * *
Okay, then.
You barely miss the gnoll.
The gnoll is severely wounded.
The gnoll hits you with a +0 spear.
* * * LOW HITPOINT WARNING * * *
The gnoll barely misses you. The gnoll completely misses you.
The gnoll misses you.
Unknown command.
You completely miss the gnoll.
The gnoll is almost dead.
You kill the gnoll!
Trog accepts your kill.
The gnoll hits you from afar with a +0 spear.
* * * LOW HITPOINT WARNING * * *
Unknown command.
Your skin stops crawling.
You feel less strong-willed. The gnoll barely misses you.
The gnoll closely misses you.
You see here a +0 spear.
Unknown command.
You barely miss the gnoll. The gnoll hits you with a +0 spear.
You die...

##############
.............#
##......####)########
...###..# #))))@g..#
# #...## ########.#
####.### #....#
#.#### ..# .## ###
..#####


You could see a gnoll.

Vanquished Creatures
  A water moccasin (Sewer)
  An orc wizard (D:4)
  5 adders
  3 gnolls (D:4)
  A river rat (D:3)
  A worm (D:2)
  2 dart slugs
  3 orcs (D:4)
  4 ball pythons
  4 endoplasms
  5 giant cockroaches
  4 goblins
  5 hobgoblins
  2 jackals (D:4)
  3 quokkas
  6 bats
  4 frilled lizards
  A kobold (D:1)
  6 rats
61 creatures vanquished.

Notes
Turn   | Place    | Note
-------+----------+-------------------------------------------
     0 | D:1      | Gargoyl the Gargoyle Berserker began the quest for the Orb.
     0 | D:1      | Reached XP level 1. HP: 14/14 MP: 1/1
   156 | D:1      | Reached XP level 2. HP: 19/19 MP: 2/2
   497 | D:2      | Reached XP level 3. HP: 21/24 MP: 3/3
   548 | D:2      | Found a faded altar of an unknown god.
  1017 | D:2      | Reached XP level 4. HP: 23/29 MP: 4/4
  1120 | D:2      | Reached ** piety under Trog
  1403 | D:3      | Gained mutation: You are clumsy. (Dex -2) [potion of
                  | mutation]
  1770 | D:3      | Found a glowing drain.
  1813 | Sewer    | Entered a sewer
  1848 | Sewer    | Noticed a water moccasin
  1859 | Sewer    | Killed a water moccasin
  1860 | Sewer    | Reached skill level 1 in Short Blades
  1860 | Sewer    | Reached skill level 1 in Stealth
  1860 | Sewer    | Reached XP level 5. HP: 33/33 MP: 5/5
  2251 | D:4      | Reached XP level 6. HP: 38/38 MP: 6/6
  2323 | D:4      | HP: 1/38 [gnoll/+0 spear (6)]
  2325 | D:4      | Slain by a gnoll

Illustrated notes

Levels and vault maps discovered:
D:1:      giann_forest_graveyard, layout_rooms, st_stairs_7
D:2:      layout_basic, ebering_ecumenical_altar_mist, chequers_hall_statues_y,
          kennysheep_decorative_pillar
D:3:      layout_basic, portal_sewer_entry_c
D:4:      minmay_clustersquares, layout_rooms, uniq_eustachio

Skill      XL: |  1  2  3  4 |
---------------+-------------+-----
Axes           | 3 4 |  4.3
Dodging        | 2 |  2.9
Fighting       | 4 |  4.2
Short Blades   | 1 |  1.6
Stealth        | 1 |  1.2
Throwing       | |  0.1
Armour         | |  2.5

Action                     |  1- 3 |  4- 6 || total
---------------------------+-------+-------++-------
  Melee: Hand axe          |    89 |    33 ||   122
         Short sword       |       |   107 ||   107
         Punch             |       |     1 ||     1
  Throw: Dart              |       |     3 ||     3
 Invoke: Berserk           |     2 |     3 ||     5
         Trog's Hand       |       |     2 ||     2
    Use: Scroll            |       |     3 ||     3
         Potion            |       |     1 ||     1
 Armour: Animal skin       |    65 |    61 ||   126
         Ring mail         |       |    46 ||    46
  Dodge: Dodged            |    54 |   109 ||   163

Table legend: (Time is in decaauts)
 A = Elapsed time spent in this place.
 B = Non-inter-level travel time spent in this place.
 C = Inter-level travel time spent in this place.
 D = Time resting spent in this place.
 E = Time spent auto-exploring this place.
 F = Levels seen in this place.
 G = Mean time per level.
                   A        B        C        D        E       F      G
               +--------+--------+--------+--------+--------+-----+--------+
         Total |   2377 |   2329 |     48 |     51 |   1640 |   5 |  475.4 |
       Dungeon |   2245 |   2197 |     48 |     51 |   1614 |   4 |  561.2 |
         Sewer |    132 |    132 |      0 |      0 |     26 |   1 |  132.0 |
               +--------+--------+--------+--------+--------+-----+--------+

Top non-repeatable levels by time:
     D:2: 962 daAuts
     D:3: 666 daAuts
     D:1: 477 daAuts
     D:4: 137 daAuts
   Sewer: 132 daAuts
